 Dungeon Crawl Stone Soup version 0.23-a0-171-g5ae17c6 (webtiles) character file.

62 KristoblXynda the Charmwright (level 3, 0/18 HPs)
             Began as a Spriggan Skald on Sept 12, 2018.
             Succumbed to an orc's poison
             ... on level 1 of the Dungeon.
             The game lasted 00:04:36 (2375 turns).

KristoblXynda the Charmwright (Spriggan Skald)      Turns: 2375, Time: 00:04:36

Health: 0/18       AC:  2    Str:  8    XL:     3   Next: 85%
Magic:  3/9        EV: 18    Int: 14    God:
Gold:   33         SH:  0    Dex: 15    Spells: 3/9 levels left

rFire    . . .     SeeInvis +   a - +0 short sword
rCold    . . .     Gourm    .   (shield restricted)
rNeg     . . .     Faith    .   b - +0 robe
rPois    .         Spirit   .   (helmet restricted)
rElec    .         Reflect  .   (no cloak)
rCorr    .         Harm     .   (gloves unavailable)
MR       .....                  (boots unavailable)
Stlth    ++........             (no amulet)
HPRegen  0.06/turn              (no ring)
MPRegen  0.11/turn              (no ring)

@: lethally poisoned (0 -> -7), very slightly contaminated, very quick
A: very small, unfitting armour, see invisible, herbivore, speed 3, slow
metabolism 2
a: no special abilities


You were on level 1 of the Dungeon.
You were not hungry.

You visited 1 branch of the dungeon, and saw 2 of its levels.

You collected 33 gold pieces.

Inventory:

Hand Weapons
 a - a +0 short sword (weapon)
Armour
 b - a +0 robe (worn)
Scrolls
 c - 2 scrolls of teleportation
Potions
 f - a potion of mutation
Comestibles
 d - a ration


   Skills:
 - Level 1.5 Fighting
 + Level 2.9 Short Blades
 - Level 3.5 Dodging
 + Level 2.6 Stealth
 + Level 3.5 Spellcasting
 + Level 5.2 Charms


You had 3 spell levels left.
You knew the following spells:

 Your Spells              Type           Power        Failure   Level  Hunger
a - Regeneration          Chrm/Necr      #.........   22%         3    ###....
b - Spectral Weapon       Hex/Chrm       #.......     22%         3    ###....

Your spell library contained the following spells:

 Spells                   Type           Power        Failure   Level  Hunger
 Infusion                 Chrm           ###.         2%          1    #......
 Song of Slaying          Chrm           ###.....     3%          2    ##.....
 Shroud of Golubria       Chrm/Tloc      #.........   11%         2    ##.....


Dungeon Overview and Level Annotations

Branches:
Dungeon (2/15)

Altars:
Xom


Innate Abilities, Weirdness & Mutations

You are very small and have problems with some larger weapons.
You are too small for most types of armour.
You have supernaturally acute eyesight. (SInv)
You are a herbivore.
You cover ground extremely quickly.
You need to consume almost no food.


Message History

Unknown command.
Okay, then.
* * * LOW HITPOINT WARNING * * *
You feel sick.
Okay, then.
* * * LOW HITPOINT WARNING * * *
You feel sick.
* * * LOW HITPOINT WARNING * * *
You feel sick.
* * * LOW HITPOINT WARNING * * *
You feel sick.
* * * LOW HITPOINT WARNING * * *
You feel sick.
There is a stone staircase leading up here.
You climb upwards.
* * * LOW HITPOINT WARNING * * *
You feel sick.
There is a stone staircase leading down here.
You eat one of the 2 rations.
That ration really hit the spot!
You die...

.#####.#.###.#..#.#.#
....)>.#.....#(.#.#.##
#################.#..#
..................##.#
#...################.#
#...# #.....#
#...######## #.#####
....##.....#####.#
....'...........@#
....##.....#######
#####......#
#......####
#.........##
#########..# ##.##
#..# ##.##


There were no monsters in sight!

Vanquished Creatures
  A gnoll (D:2)
  An ooze (D:1)
  2 worms (D:2)
  4 dart slugs
  A leopard gecko (D:1)
  An orc (D:2)
  A giant cockroach (D:1)
  4 goblins
  4 hobgoblins
  A jackal (D:2)
  A quokka (D:2)
  3 bats (D:1)
  6 kobolds
  3 rats
33 creatures vanquished.

Notes
Turn   | Place    | Note
-------+----------+-------------------------------------------
     0 | D:1      | KristoblXynda the Spriggan Skald began the quest for the
                  | Orb.
     0 | D:1      | Reached XP level 1. HP: 10/10 MP: 5/5
   126 | D:1      | Reached skill level 1 in Stealth
   128 | D:1      | Reached XP level 2. HP: 10/14 MP: 7/7
  1514 | D:2      | Reached XP level 3. HP: 18/18 MP: 8/8
  1559 | D:2      | Reached skill level 5 in Charms
  1566 | D:2      | Learned a level 3 spell: Spectral Weapon
  2263 | D:2      | Learned a level 3 spell: Regeneration
  2324 | D:2      | Found a shimmering altar of Xom.
  2375 | D:1      | Succumbed to an orc's poison

Vault maps used:
D:1:      kilobyte_arrival_exit_the_forest, grunt_decor_clamped,
          minmay_misc_feat_hallway
D:2:      tgw_xom, roderic_serpentine_path, grunt_ministairs_3, minmay_cut_off

Skill      XL: |  1  2  3 |
---------------+----------+-----
Stealth        | 1 2 |  2.6
Spellcasting   | 3 |  3.5
Charms         | 5 |  5.2
Fighting       | |  1.5
Short Blades   | |  2.9
Dodging        | |  3.5

Action                   || total
-------------------------++-------
Melee: Short sword       ||   177
 Cast: Infusion          ||     5
       Spectral Weapon   ||     2
  Use: Scroll            ||     3
 Stab: Sleeping          ||     4
  Eat: Ration            ||     1
Armor: Robe              ||    22
Dodge: Dodged            ||   134

Table legend:
 A = Non-vault XP
 B = Vault XP
 C = Vault XP percentage of total XP
 D = Non-vault monster count
 E = Vault monster count
 F = Vault count percentage of total count
                 A         B        C        D         E       F
            +---------+---------+-------+---------+---------+-------
      Total |      75 |      14 |  15.7 |      28 |       5 |  15.2
            +---------+---------+-------+---------+---------+-------
        D:1 |      38 |       0 |   0.0 |      17 |       0 |   0.0
        D:2 |      37 |      14 |  27.5 |      11 |       5 |  31.2
            +---------+---------+-------+---------+---------+-------
